AoeStats
← Erectus Rogan?

Arena

504565923Analyzed
1v1 RM · 27d ago on Sep 5, 2026· 35m 37s· 2 players
Game mode
Random Map
Map size
Tiny (2 player)
Population
200
Speed
Normal
Resources
Standard
Victory
Conquest
Starting age
Dark Age
Ending age
Imperial Age
RankedLock teamsTeams togetherTeam positionsShared explorationLock speedFull tech treeHidden civsTurbo modeCheats
Victory
Defeat
🇩🇪 Hindustanis · Germany
1000
+55
🇷🇺 Khmer · Russia
1047
-18
Katana The Kid
10:04 Feudal Age
10:37 Feudal Age
15:18 Castle Age
15:01 Loom
17:42 Double-Bit Axe
18:30 Horse Collar
27:01 Wheelbarrow
26:41 Bow Saw
26:32 Heavy Plow
27:03 Town Watch
27:39 Stone Mining
31:42 Imperial Age
31:03 Bloodlines
30:54 Husbandry
32:28 Hand Cart
32:46 Town Patrol
32:38 Light Cavalry
33:20 Husbandry
33:17 Cavalier
34:16 Scale Barding Armor
34:22 Forging
Erectus Rogan?
9:51 Feudal Age
11:18 Loom
14:07 Castle Age
12:23 Horse Collar
13:18 Double-Bit Axe
15:09 Bow Saw
15:05 Heavy Plow
18:44 Wheelbarrow
18:20 Stone Mining
19:44 Gold Mining
28:08 Imperial Age
26:04 Scale Mail Armor
26:44 Town Watch
27:39 Squires
28:40 Chain Mail Armor
28:19 Arson
28:29 Pikeman
29:44 Forging
30:41 Conscription
31:03 Iron Casting
32:42 Husbandry
32:53 Bloodlines
32:05 Heavy Camel Rider
32:51 Scale Barding Armor
33:48 Blast Furnace
33:59 Hand Cart
35:58 Chain Barding Armor
Connection lost

Rejoining the realm…

Still unreachable

The connection could not be restored.

Session expired

The server has moved on; the page needs a fresh start.